AoeStats
← 买彩票刮出欠条

Lombardia

507629911Analyzed
4v4 RM · 14d ago on Sep 19, 2026· 39m 48s· 8 players
Game mode
Random Map
Map size
Large (8 player)
Population
200
Speed
Normal
Resources
Standard
Victory
Conquest
Starting age
Dark Age
Ending age
Imperial Age
RankedLock teamsTeams togetherTeam positionsShared explorationLock speedFull tech treeHidden civsTurbo modeCheats
Victory
Defeat
🇨🇳 Mapuche · China
1349
+14
🇺🇸 Burgundians · United States
1347
+14
🇨🇦 Japanese · Canada
1316
+15
🇳🇮 Muisca · Nicaragua
1245
+18
🇧🇷 Mongols · Brazil
1430
-21
🇦🇺 Franks · Australia
1241
-13
🇨🇳 Ethiopians · China
1227
-12
鸭子
5:16 Loom
9:53 Feudal Age
15:11 Castle Age
13:02 Double-Bit Axe
13:53 Horse Collar
15:28 Bow Saw
17:58 Heavy Plow
23:58 Wheelbarrow
24:22 Crop Rotation
25:34 Hand Cart
25:46 Stone Mining
27:19 Two-Man Saw
26:25 Gold Mining
27:39 Stone Shaft Mining
27:58 Forging
28:29 Gold Shaft Mining
28:31 Scale Barding Armor
31:12 Imperial Age
29:15 Burgundian Vineyards
30:13 Chain Barding Armor
30:57 Iron Casting
30:59 Husbandry
30:27 Cavalier
32:50 Plate Barding Armor
33:15 Blast Furnace
32:26 Town Watch
32:05 Paladin
34:02 Caravan
34:53 Conscription
38:16 Coinage
39:03 Town Patrol
39:43 Banking
zhazhahui
11:41 Feudal Age
16:00 Castle Age
14:19 Double-Bit Axe
14:20 Horse Collar
19:01 Bow Saw
19:21 Gold Mining
21:08 Fletching
22:17 Padded Archer Armor
22:09 Town Watch
22:12 Loom
23:10 Bodkin Arrow
23:48 Leather Archer Armor
24:53 Husbandry
26:30 Gold Shaft Mining
26:26 Bloodlines
27:40 Thumb Ring
29:09 Wheelbarrow
29:20 Ballistics
29:38 Heavy Plow
38:23 Imperial Age
36:08 Masonry
37:02 Hand Cart
39:29 Parthian Tactics
38:27 Heavy Cavalry Archer
38:33 Heavy Cavalry Archer
39:43 Parthian Tactics
39:19 Bracer
39:50 Ring Archer Armor
40:23 Chemistry
39:31 Siege Engineers
39:07 Treadmill Crane
EXILE | milval
7:34 Loom
10:27 Feudal Age
11:03 Double-Bit Axe
10:59 Horse Collar
17:24 Gold Mining
19:47 Castle Age
17:17 Champi Runner
18:33 Scale Mail Armor
18:44 Forging
20:42 Bow Saw
19:57 Champi Warrior
20:38 Squires
20:59 Chain Mail Armor
21:37 Stone Mining
23:25 Iron Casting
26:08 Wheelbarrow
31:50 Hand Cart
31:21 Town Watch
36:51 Imperial Age
34:54 Herbalism
35:25 Heavy Plow
36:01 Gold Shaft Mining
35:55 Treadmill Crane
36:13 Murder Holes
36:28 Masonry
36:39 Ballistics
37:03 Elite Champi Warrior
38:25 Plate Mail Armor
买彩票刮出欠条
10:43 Feudal Age
11:45 Double-Bit Axe
14:35 Castle Age
12:48 Horse Collar
13:33 Gold Mining
14:24 Fletching
15:29 Bow Saw
21:04 Heavy Plow
25:54 Wheelbarrow
25:29 Bodkin Arrow
26:43 Padded Archer Armor
27:59 Leather Archer Armor
28:09 Ballistics
29:15 Hand Cart
35:15 Imperial Age
32:56 Loom
32:57 Town Watch
34:34 Town Patrol
35:48 Malon
35:19 Elite Bolas Rider
36:38 Ring Archer Armor
36:46 Crop Rotation
36:53 Gold Shaft Mining
36:08 Stone Mining
37:17 Elite Skirmisher
39:22 Chemistry
38:28 Siege Engineers
40:27 Conscription
臣等正欲死战,陛下何故先降耶?
8:23 Loom
10:54 Feudal Age
11:32 Double-Bit Axe
12:49 Horse Collar
16:15 Wheelbarrow
19:32 Castle Age
18:46 Bow Saw
18:29 Gold Mining
18:57 Scale Barding Armor
22:26 Two-Man Saw
21:58 Forging
21:51 Husbandry
26:10 Heavy Plow
29:13 Chain Barding Armor
30:34 Iron Casting
30:50 Cavalier
33:28 Gold Shaft Mining
35:49 Stone Mining
丧心病狂
2:17 Loom
2:46 Loom
12:20 Feudal Age
13:54 Double-Bit Axe
16:26 Castle Age
15:03 Fletching
15:13 Padded Archer Armor
15:18 Horse Collar
16:37 Crossbowman
18:18 Bow Saw
rAiDz
1:46 Loom
12:29 Feudal Age
16:47 Castle Age
16:26 Wheelbarrow
17:34 Double-Bit Axe
17:41 Stone Mining
17:41 Gold Mining
30:30 Forging
30:26 Scale Barding Armor
33:36 Gold Shaft Mining
33:21 Hand Cart
35:50 Imperial Age
33:09 Town Watch
34:58 Chain Barding Armor
35:14 Iron Casting
34:41 Husbandry
36:40 Chivalry
37:00 Conscription
36:03 Cavalier
37:26 Plate Barding Armor
38:34 Blast Furnace
37:16 Paladin
Baratinha
7:53 Loom
11:35 Feudal Age
12:43 Double-Bit Axe
15:34 Castle Age
15:16 Gold Mining
15:37 Horse Collar
17:06 Bow Saw
19:41 Fletching
21:22 Wheelbarrow
23:51 Heavy Plow
24:19 Bodkin Arrow
24:25 Padded Archer Armor
28:07 Bloodlines
27:57 Husbandry
29:18 Ballistics
31:05 Hand Cart
32:46 Town Watch
35:47 Imperial Age
34:48 Gold Shaft Mining
34:40 Leather Archer Armor
35:10 Thumb Ring
36:43 Bracer
37:46 Chemistry
37:12 Parthian Tactics
36:55 Scale Barding Armor
37:02 Forging
36:15 Light Cavalry
37:32 Scale Mail Armor
Connection lost

Rejoining the realm…

Still unreachable

The connection could not be restored.

Session expired

The server has moved on; the page needs a fresh start.